 Dungeon Crawl Stone Soup version 0.24.0-123-gd5b16e6ec5 (webtiles) character file.

Game seed: 1236356735958847456, levelgen mode: deterministic

38 Krapule the Shooter (level 3, 0/31 HPs)
             Began as a Minotaur Hunter on Jan 11, 2020.
             Slain by a gnoll
             ... wielding a +0 whip
              (6 damage)
             ... on level 2 of the Dungeon.
             The game lasted 00:03:45 (1554 turns).

Krapule the Shooter (Minotaur Hunter)               Turns: 1554, Time: 00:03:46

Health: 0/31       AC:  7    Str: 17    XL:     3   Next: 25%
Magic:  2/2        EV: 12    Int:  8    God:
Gold:   173        SH:  0    Dex: 10    Spells: 2/2 levels left

rFire    . . .     SeeInvis .   o - +0 mace
rCold    . . .     Gourm    .   (no shield)
rNeg     . . .     Faith    .   j - +0 acid dragon scales
rPois    .         Spirit   .   (helmet restricted)
rElec    .         Reflect  .   (no cloak)
rCorr    +         Harm     .   (no gloves)
MR       .....                  g - +0 pair of boots {Fly}
Stlth    +.........             (no amulet)
HPRegen  0.10/turn              (no ring)
MPRegen  0.08/turn              (no ring)

@: flying
A: retaliatory headbutt, horns 2
a: Stop Flying


You were on level 2 of the Dungeon.
You were hungry.

You visited 1 branch of the dungeon, and saw 3 of its levels.

You collected 173 gold pieces.

Inventory:

Hand Weapons
 a - a +1 shortbow
 o - a +0 mace (weapon)
Missiles
 d - 18 arrows
Armour
 c - a +0 leather armour
 g - a +0 pair of boots of flying (worn)
 j - +0 acid dragon scales (worn)
Scrolls
 e - 5 scrolls of identify {unknown}
 i - a scroll of immolation {unknown}
 k - a scroll of teleportation {unknown}
Potions
 h - a potion of might {unknown}
 l - a potion of curing {unknown}
 n - a potion of mutation {unknown}
Comestibles
 f - 3 rations


   Skills:
 + Level 3.0 Fighting
 + Level 4.6 Bows
 + Level 1.3 Armour
 + Level 2.6 Dodging
 + Level 1.3 Stealth


You had 2 spell levels left.
You didn't know any spells.
Your spell library was empty.

Dungeon Overview and Level Annotations

Branches:
Dungeon (3/15)

Altars:
Trog

Annotations:
D:3 Sigmund


Innate Abilities, Weirdness & Mutations

You reflexively headbutt those who attack you in melee.
You have a pair of horns on your head.


Message History

* * * LOW HITPOINT WARNING * * *
You hit the gnoll.
The gnoll is heavily wounded.
The gnoll closely misses you. The gnoll barely misses you.
The gnoll hits you with a +0 whip.
* * * LOW HITPOINT WARNING * * *
The gnoll barely misses you.
You barely miss the gnoll.
You headbutt the gnoll, but do no damage.
The gnoll is heavily wounded.
The gnoll hits you with a +0 whip.
* * * LOW HITPOINT WARNING * * *
The gnoll hits you but does no damage.
There is a stone staircase leading up here.
You fly upwards.
There is a stone staircase leading down here.
You hit the gnoll.
The gnoll is severely wounded.
The gnoll hits you with a +0 whip.
You die...

######## ###########
.......# #.........#
#####.## #.........#
.....#########.........#
[##.....(.....(.@......#
##.###.#######...g.....#
#.####+## #.........#
........# #.#########
........# #.# ........#
#.# ........# #.# ####
........# ######≈≈#
........# ##⌠#⌠##≈#


You could see a gnoll.

Vanquished Creatures
  2 gnolls (D:3)
  A leopard gecko (D:2)
  A ball python (D:2)
  2 goblins
  A hobgoblin (D:1)
  A quokka (D:2)
  2 bats
  2 frilled lizards
  5 kobolds
  2 rats
19 creatures vanquished.

Notes
Turn   | Place    | Note
-------+----------+-------------------------------------------
     0 | D:1      | Krapule the Minotaur Hunter began the quest for the Orb.
     0 | D:1      | Reached XP level 1. HP: 18/18 MP: 0/0
   501 | D:1      | Reached skill level 1 in Stealth
   728 | D:1      | Reached XP level 2. HP: 23/25 MP: 1/1
  1171 | D:2      | Reached skill level 1 in Armour
  1324 | D:2      | Found a bloodstained altar of Trog.
  1441 | D:3      | Noticed Sigmund
  1528 | D:3      | Reached XP level 3. HP: 12/30 MP: 2/2
  1554 | D:2      | Slain by a gnoll

Levels and vault maps discovered:
D:1:      dpeg_arrival_lava_temple_mockup, layout_basic
D:2:      layout_basic, lightli_temple_of_fire, minmay_cut_off
D:3:      layout_basic, marbit_many_paths, uniq_sigmund

Skill      XL: |  1  2  3 |
---------------+----------+-----
Stealth        | 1 |  1.3
Armour         | 1 |  1.3
Fighting       | 3 |  3.0
Bows           | |  4.6
Dodging        | |  2.6

Action                   || total
-------------------------++-------
Melee: Short sword       ||    36
       Headbutt          ||     5
       Mace              ||    14
 Fire: Shortbow          ||     4
 Stab: Sleeping          ||     1
  Eat: Chunk             ||     1
Armor: Acid dragon scale ||    11
       Leather armour    ||     4
Dodge: Dodged            ||    41
